 Dungeon Crawl Stone Soup version 0.17.1-2-g5865329 (webtiles) character file.

110 PossumBlood the Archer (level 4, -3/29 HPs)
             Began as a High Elf Hunter on Jan 25, 2016.
             Slain by Sigmund
             ... wielding a +0 scythe
              (11 damage)
             ... on level 3 of the Dungeon.
             The game lasted 00:04:02 (2042 turns).

PossumBlood the Archer (High Elf Hunter)            Turns: 2042, Time: 00:04:02

Health: -3/29      AC:  3    Str: 11    XL:     4   Next: 61%
Magic:  5/5        EV: 12    Int: 15    God:
Gold:   150        SH:  0    Dex: 16    Spells: 0 memorised, 3 levels left

rFire  . . .     SeeInvis .     a - +1 shortbow
rCold  . . .     Clarity  .     c - +0 leather armour
rNeg   . . .     SustAt   +     (shield currently unavailable)
rPois  .         Gourm    .     (no helmet)
rElec  .         Spirit   .     (no cloak)
rCorr  .         Warding  .     (no gloves)
rMut   .         Stasis   .     (no boots)
MR     .....                    o - amulet of rage
Stlth  ++........               (no ring)
                                g - ring of sustain attributes

@: not resistant to hostile enchantments, unstealthy
A: no striking features
a: Evoke Berserk Rage


You were on level 3 of the Dungeon.
You were not hungry.

You visited 1 branch of the dungeon, and saw 3 of its levels.

You collected 150 gold pieces.

Inventory:

Hand Weapons
 a - a +1 shortbow (weapon)
 b - a +0 short sword
Missiles
 d - 17 arrows (quivered)
Armour
 c - a +0 leather armour (worn)
Jewellery
 g - a ring of sustain attributes (left hand)
 o - an amulet of rage (around neck)
Scrolls
 f - 3 scrolls of identify {unknown}
 h - 2 scrolls of remove curse {unknown}
 i - 2 scrolls of random uselessness {unknown}
 k - a scroll of enchant armour {unknown}
 m - a scroll of fog {unknown}
 n - 2 scrolls of immolation {unknown}
 s - a scroll of teleportation {unknown}
Potions
 j - a potion of degeneration {unknown}
 r - a potion of lignification {unknown}
Books
 l - a Necronomicon

   Spells                             Type                      Level
   a - Haunt                          Necromancy/Summoning         7
   b - Borgnjor's Revivification      Necromancy                   8
   c - Death's Door                   Charms/Necromancy            8
   d - Necromutation                  Transmutation/Necromancy     8
Comestibles
 e - 2 bread rations
 q - a beef jerky
 t - 5 fruits


   Skills:
 - Level 2.0 Fighting
 * Level 8.0 Bows
 - Level 2.1 Dodging
 - Level 1.1 Stealth


You had 3 spell levels left.
You didn't know any spells.

Dungeon Overview and Level Annotations

Branches:
Dungeon (3/15)

Altars:
Ashenzari
Elyvilon
The Shining One

Annotations:
D:3 Sigmund


Message History

You are too injured to fight recklessly!
You are too injured to fight recklessly!
You are too injured to fight recklessly!
You are too injured to fight recklessly!
You are too injured to fight recklessly!
You are too injured to fight recklessly!
You are too injured to fight recklessly!
Drink which item? (? for menu, Esc to quit)
You feel better. Sigmund closely misses you.
Firing (i - inventory):
d - 19 arrows (quivered)
Press: ? - help, Shift-Dir - straight line, f/p - Sigmund
Aim: Sigmund, wielding a scythe and wearing a robe (severely wounded)
You shoot an arrow. The arrow closely misses Sigmund.
Firing (i - inventory):
d - 18 arrows (quivered)
Press: ? - help, Shift-Dir - straight line, f/p - Sigmund
Aim: Sigmund, wielding a scythe and wearing a robe (severely wounded)
You shoot an arrow. The arrow hits Sigmund.
Sigmund is severely wounded.
Sigmund hits you from afar with a scythe!
You die...

#..############.
####...............
..............####.##
####.................
##########.####.# #.#
#.# # #.####.#####
#...@.@(((((
######...... #####


You could see Sigmund.

Vanquished Creatures
  7 adders
  2 oozes
  A worm (D:2)
  2 giant geckos (D:2)
  A ball python (D:2)
  3 bats (D:3)
  3 giant cockroaches
  A goblin (D:2)
  4 hobgoblins
  A kobold (D:1)
  7 jackals (D:1)
  7 rats
39 creatures vanquished.

Notes
Turn   | Place    | Note
--------------------------------------------------------------
     0 | D:1      | PossumBlood the High Elf Hunter began the quest for the Orb.
     0 | D:1      | Reached XP level 1. HP: 14/14 MP: 2/2
   333 | D:1      | Reached XP level 2. HP: 19/19 MP: 3/3
   699 | D:2      | Reached skill level 6 in Bows
   777 | D:2      | Found a glowing golden altar of the Shining One.
  1027 | D:2      | Reached XP level 3. HP: 22/24 MP: 4/4
  1182 | D:2      | Reached skill level 7 in Bows
  1607 | D:3      | Found a white marble altar of Elyvilon.
  1666 | D:3      | Reached XP level 4. HP: 29/29 MP: 5/5
  1685 | D:3      | Found a shattered altar of Ashenzari.
  2031 | D:3      | Noticed Sigmund
  2035 | D:3      | Reached skill level 8 in Bows
  2042 | D:3      | Slain by Sigmund

Action                   |  1- 3 |  4- 6 || total
-------------------------+-------+-------++-------
 Fire: Shortbow          |    76 |    36 ||   112
  Use: Potion            |       |     1 ||     1
  Eat: Bread ration      |     1 |       ||     1
